 Dungeon Crawl Stone Soup version 0.22-a0-273-g3d7ae589ec (webtiles) character file.

259 RedPan the Insei (level 5, 0/42 HPs)
             Began as a Demonspawn Monk on Mar 13, 2018.
             Slain by an iguana (11 damage)
             ... on level 4 of the Dungeon.
             The game lasted 00:05:19 (3596 turns).

RedPan the Insei (Demonspawn Monk)                  Turns: 3596, Time: 00:05:19

Health: 0/42       AC:  5    Str: 12    XL:     5   Next: 95%
Magic:  5/5        EV: 14    Int: 16    God:
Gold:   120        SH:  0    Dex: 15    Spells: 4/4 levels left

rFire    . . .     SeeInvis .     - Unarmed
rCold    . . .     Gourm    .   (no shield)
rNeg     . . .     Faith    .   f - +1 robe
rPois    .         Spirit   .   (helmet unavailable)
rElec    .         Reflect  .   (no cloak)
rCorr    .         Harm     .   (no gloves)
MR       .....                  (no boots)
Stlth    ++........             (no amulet)
HPRegen  0.14/turn              c - +4 ring of intelligence
MPRegen  0.09/turn              (no ring)

@: drained
A: horns 3, slimy green scales 1
a: no special abilities


You were on level 4 of the Dungeon.
You were not hungry.

You visited 1 branch of the dungeon, and saw 4 of its levels.

You collected 120 gold pieces.

Inventory:

Armour
 f - a +1 robe (worn)
Jewellery
 c - a +4 ring of intelligence (left hand)
 j - an uncursed amulet of guardian spirit
Wands
 h - a wand of scattershot (5)
Scrolls
 a - 2 scrolls of teleportation
 d - a scroll of noise {unknown}
 k - a scroll of remove curse
Potions
 e - a potion of heal wounds {unknown}
 i - a potion of degeneration {unknown}
 l - a potion of might {unknown}
 m - 3 potions of flight
Comestibles
 b - 7 rations


   Skills:
 + Level 4.2(4.1) Fighting
 + Level 3.8(3.7) Dodging
 - Level 1.7 Stealth
 * Level 4.7(4.6) Unarmed Combat


You had 4 spell levels left.
You didn't know any spells.

Dungeon Overview and Level Annotations

Branches:
Dungeon (4/15)
 Temple: D:4-7

Altars:
Gozag
Wu Jian


Innate Abilities, Weirdness & Mutations

You have a pair of large horns on your head.
You are partially covered in slimy green scales. (AC +2)


Message History

The centaur barely misses you.
All of the chunks of flesh in your inventory have rotted away.
You hit the centaur but do no damage.
The centaur is severely wounded.
The centaur barely misses you.
The centaur hits you but does no damage.
You hit the centaur.
The centaur is severely wounded.
The centaur hits you but does no damage.
You hit the centaur.
The centaur is severely wounded.
The centaur hits you. The centaur hits you!
* * * LOW HITPOINT WARNING * * *
You hit the centaur but do no damage.
The centaur is severely wounded.
The centaur closely misses you.
You hit the centaur.
The centaur is almost dead.
The centaur barely misses you. The iguana bites you!
You die...

##...................
##.................#
#####+#....#(......##...
# #.##.#............ .
#.##.#..$........ .
#.##.#(..#....... .
...#.#.#......#..
###..#.#.###..####
........l@c......
##.##.#.##..#####
........ ..... .......
..###.# ......####...
...... .... ###### #.#..
.#...


You could see a centaur and an iguana.

Vanquished Creatures
  The ghost of highc0 the Sneak, an amateur SpEn (D:3)
  A hound (D:4)
  A bullfrog skeleton (D:4)
  2 adders
  2 oozes
  3 worms
  2 dart slugs (D:1)
  2 orcs (D:3)
  7 bats
  5 giant cockroaches
  6 goblins
  7 hobgoblins
  3 jackals (D:3)
  8 kobolds
  3 quokkas
  A ball python (D:4)
  4 frilled lizards
  8 rats
66 creatures vanquished.

Notes
Turn   | Place    | Note
-------+----------+-------------------------------------------
     0 | D:1      | RedPan the Demonspawn Monk began the quest for the Orb.
     0 | D:1      | Reached XP level 1. HP: 18/18 MP: 1/1
   207 | D:1      | Gained mutation: You have a pair of small horns on your head. [demonic ancestry]
   207 | D:1      | Reached XP level 2. HP: 24/24 MP: 2/2
   977 | D:1      | Gained mutation: You are partially covered in slimy green scales. (AC +2) [demonic ancestry]
   977 | D:1      | Reached XP level 3. HP: 17/29 MP: 3/3
  1574 | D:2      | Found an opulent altar of Gozag.
  1990 | D:3      | Noticed highc0's ghost (amateur SpEn)
  2010 | D:3      | Killed highc0's ghost
  2010 | D:3      | Gained mutation: You have a pair of horns on your head. [demonic ancestry]
  2010 | D:3      | Reached XP level 4. HP: 35/37 MP: 4/4
  2010 | D:3      | Gained mutation: You have a pair of large horns on your head. [demonic ancestry]
  2010 | D:3      | Reached XP level 5. HP: 40/42 MP: 5/5
  2878 | D:3      | Found an ornate altar of the Wu Jian Council.
  3581 | D:4      | Noticed a centaur
  3596 | D:4      | Slain by an iguana

Vault maps used:
D:1:      dpeg_arrival_shelter, serial_glass, glass_columns_a, glass_columns_a,
          glass_columns_a, glass_columns_a, glass_columns_b, glass_columns_c,
          glass_columns_c, glass_columns_c, minmay_tromino_i4
D:2:      lemuel_round_altar
D:3:      lemuel_coloured_pillars_altar

Skill      XL: |  1  2  3  4  5 |
---------------+----------------+-----
Unarmed Combat | 3 4 |  4.7
Dodging        | 3 |  3.8
Fighting       | 4 |  4.2
Stealth        | |  1.7

Action                   |  1- 3 |  4- 6 || total
-------------------------+-------+-------++-------
Melee: Unarmed           |   148 |    96 ||   244
       Punch             |     2 |     1 ||     3
       Headbutt          |    22 |    21 ||    43
  Use: Potion            |     1 |       ||     1
       Scroll            |       |     7 ||     7
 Stab: Sleeping          |     4 |     3 ||     7
  Eat: Chunk             |     3 |     6 ||     9
Armor: Robe              |    30 |    23 ||    53
       Skin              |     2 |       ||     2
Dodge: Dodged            |    85 |    68 ||   153

Table legend:
 A = Spawn XP
 B = Non-spawn XP
 C = Spawn XP percentage of total XP
 D = Spawn monster count
 E = Non-spawn monster count
 F = Spawn count percentage of total count
 G = Total turns spent on level
                    A         B        C        D         E        F      G
               +---------+---------+-------+---------+---------+-------+---------
         Total |       0 |     371 |   0.0 |       0 |      66 |   0.0 |  3596
               +---------+---------+-------+---------+---------+-------+---------
           D:1 |       0 |      43 |   0.0 |       0 |      25 |   0.0 |  1126
           D:2 |       0 |      32 |   0.0 |       0 |      16 |   0.0 |   864
           D:3 |       0 |     188 |   0.0 |       0 |      17 |   0.0 |  1217
           D:4 |       0 |     108 |   0.0 |       0 |       8 |   0.0 |   389
               +---------+---------+-------+---------+---------+-------+---------
